 Dungeon Crawl Stone Soup version 0.19.1 (webtiles) character file.

112 Ijustatesigmund the Chopper (level 4, -1/42 HPs)
             Began as a Minotaur Monk on Nov 24, 2016.
             Succumbed to inmateoo's ghost's poison
             ... on level 4 of the Dungeon.
             The game lasted 00:06:14 (2329 turns).

Ijustatesigmund the Chopper (Minotaur Monk)         Turns: 2329, Time: 00:06:15

Health: -1/42      AC:  8    Str: 16    XL:     4   Next: 63%
Magic:  3/3        EV:  7    Int: 10    God:
Gold:   74         SH:  0    Dex: 13    Spells: 0 memorised, 3 levels left

rFire  . . .     SeeInvis .     a - +0 hand axe
rCold  . . .     Gourm    .     m - +0 chain mail
rNeg   . . .     Faith    .     (no shield)
rPois  .         Spirit   .     (helmet restricted)
rElec  .         Reflect  .     (no cloak)
rCorr  .         Harm     .     (no gloves)
MR     .....                    (no boots)
Stlth  ..........               (no amulet)
                                (no ring)
                                b - +3 ring of intelligence

@: lethally poisoned (-1 -> -28)
A: retaliatory headbutt, horns 2
a: no special abilities


You were on level 4 of the Dungeon.
You were not hungry.

You visited 1 branch of the dungeon, and saw 4 of its levels.

You collected 74 gold pieces.

Inventory:

Hand Weapons
 a - a +0 hand axe (weapon)
Armour
 m - a +0 chain mail (worn)
Jewellery
 b - a +3 ring of intelligence (left hand)
Wands
 e - a wand of iceblast (10/15)
 n - a wand of slowing (16/48)
Scrolls
 d - a scroll of recharging
 j - 3 scrolls of teleportation
 l - 2 scrolls of magic mapping
 o - a scroll of blinking
Potions
 g - a potion of flight
 h - a potion of cure mutation
 p - a potion of haste {unknown}
Comestibles
 c - 3 bread rations
 f - 3 fruits
 i - 2 meat rations
 k - a beef jerky


   Skills:
 + Level 5.2 Fighting
 + Level 5.3 Axes
 - Level 3.2 Dodging
 - Level 1.5 Stealth


You had 3 spell levels left.
You didn't know any spells.

Dungeon Overview and Level Annotations

Branches:
Dungeon (4/15)
 Temple: D:4-7

Altars:
Elyvilon

Annotations:
D:3 inmateoo's ghost, novice KoSk


Innate Abilities, Weirdness & Mutations

You reflexively headbutt those who attack you in melee.
You have a pair of horns on your head.


Message History

You are more poisoned.
The bat hits you but does no damage.
You feel very sick. The bat hits you. x2
There is a stone staircase leading down here.
* * * LOW HITPOINT WARNING * * *
You feel very sick. The bat hits you but does no damage.
You climb downwards.
* * * LOW HITPOINT WARNING * * *
You feel sick.
There is a stone staircase leading up here.
Okay, then.
* * * LOW HITPOINT WARNING * * *
You feel very sick.
* * * LOW HITPOINT WARNING * * *
You feel sick.
* * * LOW HITPOINT WARNING * * *
You feel very sick.
You die...

#.
. .
##.
..#
#.#
#.#
#@#
#.#
#.#
...
#.#
.#.
# #


There were no monsters in sight!

Vanquished Creatures
  Terence (D:2)
  3 adders
  An ooze (D:1)
  3 worms
  2 leopard geckos
  2 orcs (D:3)
  A giant cockroach (D:1)
  8 goblins
  6 hobgoblins
  4 kobolds
  3 bats (D:1)
  4 frilled lizards
  7 rats
45 creatures vanquished.

Vanquished Creatures (others)
  A rat (D:2)
1 creature vanquished.

Grand Total: 46 creatures vanquished

Notes
Turn   | Place    | Note
-------+----------+-------------------------------------------
     0 | D:1      | Ijustatesigmund the Minotaur Monk began the quest for the Orb.
     0 | D:1      | Reached XP level 1. HP: 19/19 MP: 0/0
   138 | D:1      | Reached XP level 2. HP: 27/27 MP: 1/1
   670 | D:1      | Reached XP level 3. HP: 16/33 MP: 2/2
  1212 | D:2      | Noticed Terence
  1299 | D:2      | Killed Terence
  1299 | D:2      | Reached skill level 5 in Axes
  1299 | D:2      | Reached XP level 4. HP: 2/41 MP: 3/3
  1619 | D:2      | Reached skill level 5 in Fighting
  1956 | D:2      | Found a white marble altar of Elyvilon.
  2311 | D:3      | Noticed inmateoo's ghost (novice KoSk)
  2328 | D:4      | HP: 1/42 [poisoned by inmateoo's ghost]
  2329 | D:4      | Succumbed to inmateoo's ghost's poison

Skill      XL: |  1  2  3  4 |
---------------+-------------+-----
Axes           | 4 5 |  5.3
Fighting       | 4 5 |  5.2
Dodging        | |  3.2
Stealth        | |  1.5

Action                   |  1- 3 |  4- 6 || total
-------------------------+-------+-------++-------
Melee: Hand axe          |    79 |    38 ||   117
       Headbutt          |    12 |     5 ||    17
  Use: Scroll            |     4 |     4 ||     8
       Potion            |     3 |       ||     3
 Stab: Sleeping          |     4 |       ||     4
  Eat: Chunk             |     1 |     3 ||     4
Armor: Robe              |     5 |       ||     5
       Chain mail        |       |    16 ||    16
       Scale mail        |       |     8 ||     8
       Leather armour    |       |     1 ||     1
Dodge: Dodged            |    50 |    14 ||    64
